 Dungeon Crawl Stone Soup version 0.28.0-49-g6dfe1f597d (webtiles) character file.

Game seed: 10738243053940965891

129411 fictitious the Unseen (level 17, 0/101 HPs)
             Began as a Kobold Brigand on May 11, 2022.
             Was an Elder of Wu Jian.
             Slain by a spark wasp (11 damage)
             ... on level 3 of the Spider Nest on May 12, 2022.
             The game lasted 03:40:51 (43707 turns).

fictitious the Unseen (Kobold Brigand)             Turns: 43707, Time: 03:40:51

Health: 0/101      AC: 17    Str: 11    XL:     17   Next: 61%
Magic:  0/26       EV: 31    Int: 13    God:    Wu Jian [****..]
Gold:   2486       SH:  7    Dex: 24    Spells: 12/28 levels left

rFire   . . .      SeeInvis +   a - +2 rapier (elec)
rCold   . . .      Faith    .   i - +0 buckler
rNeg    . . .      Spirit   +   o - +0 swamp dragon scales
rPois   +          Reflect  .   s - +1 helmet {SInv}
rElec   .          Harm     .   y - +0 cloak
rCorr   .          Rampage  .   n - +0 pair of gloves {Dex+3}
Will    +....                   h - +2 pair of boots
Stlth   ++++++++..              Q - amulet of guardian spirit
HPRegen 0.26/turn               T - +4 ring of evasion
MPRegen 0.20/turn               p - +4 ring of evasion

@: no status effects
A: small, no large weapons, nightstalker 3
a: Renounce Religion, Wall Jump, Serpent's Lash


You were on level 3 of the Spider Nest.
You worshipped Wu Jian.
Wu Jian was greatly pleased with you.
You visited 6 branches of the dungeon, and saw 28 of its levels.

You collected 3806 gold pieces.
You spent 1320 gold pieces at shops.

Inventory:

Hand Weapons
 a - a +2 rapier of electrocution (weapon)
 b - a +3 rapier of chaos
 X - the +7 spear of a treasure trove {venom, rPois rCorr Dex+2}
   (You took it off a spriggan on level 12 of the Dungeon)

   It poisons the flesh of those it strikes.
   Dex:       It affects your dexterity (+2).
   rPois:     It protects you from poison.
   rCorr:     It protects you from acid and corrosion.
Missiles
 c - a throwing net
 d - 43 poisoned darts (quivered)
 w - 19 boomerangs
 R - 5 silver boomerangs
Armour
 h - a +2 pair of boots (worn)
 i - a +0 buckler (worn)
 n - a +0 pair of gloves of dexterity (worn)
 o - +0 swamp dragon scales (worn)
 s - a +1 helmet of see invisible (worn)
 t - the +1 leather armour of the Eleven Artists {rN+ MP+9 Str-4 Dex+3}
   (You found it on level 6 of the Lair of Beasts)

   Str:       It affects your strength (-4).
   Dex:       It affects your dexterity (+3).
   rN:        It protects you from negative energy.
   MP:        It affects your magic capacity (+9).
 v - the +3 ring mail of Existentialism {Dex+5}
   (You found it on level 10 of the Dungeon)

   Dex:       It affects your dexterity (+5).
 x - a +2 pair of gloves of strength
 y - a +0 cloak (worn)
 D - +0 acid dragon scales
 L - a +2 ring mail of cold resistance
 S - the +1 hat of Dogmatism {Contam Fly rN+ Int+3}
   (You found it on level 2 of the Lair of Beasts)

   Int:       It affects your intelligence (+3).
   rN:        It protects you from negative energy.
   Fly:       It grants you flight.
   Contam:    It causes magical contamination when unequipped.
 U - a +4 ring mail of fire resistance
 W - the +2 robe of Juawno {Will+}
   (You found it on level 2 of the Spider Nest)

   Will:      It increases your willpower.
Jewellery
 g - a ring of protection from fire
 p - a +4 ring of evasion (right hand)
 E - a ring of protection from fire
 G - a ring of willpower
 K - a ring of flight
 P - an amulet of reflection
 Q - an amulet of guardian spirit (around neck)
 T - a +4 ring of evasion (left hand)
Wands
 B - a wand of iceblast (9)
 C - a wand of charming (11)
 H - a wand of paralysis (7)
 I - a wand of digging (6)
 M - a wand of polymorph (6)
Scrolls
 e - 4 scrolls of teleportation
 f - 2 scrolls of blinking {!r}
 m - a scroll of magic mapping
 r - 11 scrolls of identify
 A - a scroll of holy word
 F - a scroll of fog
 V - 2 scrolls of summoning
Potions
 j - 3 potions of attraction
 k - a potion of cancellation
 l - 3 potions of brilliance
 q - a potion of berserk rage
 u - 2 potions of resistance
 z - a potion of haste {!q}
 N - 5 potions of mutation {!q}
 O - 7 potions of curing
Miscellaneous
 Y - a phantom mirror
 Z - a condenser vane


   Skills:
 + Level 9.8 Fighting
 + Level 17.0 Short Blades
 - Level 4.0 Throwing
 - Level 8.0 Armour
 + Level 13.2 Dodging
 + Level 18.7 Stealth
 * Level 4.1 Shields
 - Level 6.0 Spellcasting
 - Level 6.0 Conjurations
 * Level 10.5 Necromancy
 - Level 6.0 Ice Magic
 - Level 6.0 Air Magic
 - Level 6.0 Poison Magic


You had 12 spell levels left.
You knew the following spells:

 Your Spells              Type           Power      Damage    Failure   Level
a - Excruciating Wounds   Necr           15%        N/A       19%         5
b - Simulacrum            Ice/Necr       12%        N/A       95%         6
c - Passwall              Tmut/Erth      2%         N/A       61%         2
e - Mephitic Cloud        Conj/Pois/Air  19%        N/A       13%         3

Your spell library contained the following spells:

 Spells                   Type           Power      Damage    Failure   Level
 Pain                     Necr           100%       1d9       1%          1
 Sublimation of Blood     Necr           31%        N/A       1%          2
 Magic Dart               Conj           76%        1d6       4%          1
 Searing Ray              Conj           38%        2d5       7%          2
 Agony                    Necr           31%        N/A       19%         5
 Stone Arrow              Conj/Erth      22%        3d8       41%         3
 Hailstorm                Conj/Ice       19%        3d6       41%         4
 Sandblast                Erth           6%         2d5       45%         1
 Summon Small Mammal      Summ           12%        N/A       45%         1
 Call Imp                 Summ           3%         N/A       61%         2
 Call Canine Familiar     Summ           3%         N/A       83%         3
 Gell's Gravitas          Tloc           3%         N/A       83%         3
 Lesser Beckoning         Tloc           3%         N/A       83%         3
 Summon Guardian Golem    Hex/Summ       3%         N/A       83%         3
 Teleport Other           Tloc           3%         N/A       83%         3
 Fulminant Prism          Conj/Hex       5%         3d7       83%         4
 Ice Form                 Ice/Tmut       11%        N/A       83%         4
 Animate Armour           Summ/Erth      6%         N/A       99%         4
 Petrify                  Tmut/Erth      3%         N/A       99%         4
 Fireball                 Conj/Fire      5%         3d5       99%         5
 Irradiate                Conj/Tmut      5%         3d15      99%         5
 Blade Hands              Tmut           1%         N/A       100%        5
 Dispersal                Tloc           1%         N/A       100%        6
 Iron Shot                Conj/Erth      5%         9d2       100%        6
 Starburst                Conj/Fire      5%         6d4       100%        6
 Disjunction              Tloc           1%         N/A       100%        8
 Ignition                 Fire           1%         3d3       100%        8


Dungeon Overview and Level Annotations

Branches:
Dungeon (13/15)            Temple (1/1) D:5            Lair (6/6) D:11
  Swamp (3/4) Lair:4       Spider (3/4) Lair:4        Slime (0/5) Lair:6
    Orc (2/2) D:11            Elf (0/3) Orc:2
 Vaults: D:13-14

Altars:
Ashenzari
Cheibriados
Dithmenos
Elyvilon
Fedhas
Gozag
Hepliaklqana
Kikubaaqudgha
Makhleb
Nemelex Xobeh
Okawaru
Qazlal
Ru
Sif Muna
Trog
Uskayaw
Vehumet
Wu Jian
Xom
Yredelemnul
Zin
The Shining One
Beogh

Shops:
Orc:2 [[([[

Annotations:
Lair:5 1 runed translucent door, Xolotl's ghost, journeyman HOGl
Swamp:1 3 runed translucent doors, Roxanne; pkoi's ghost, journeyman DgCj
Swamp:2 Louise
Spider:2 1 runed translucent door, turdburglar's ghost, journeyman GnWn


Innate Abilities, Weirdness & Mutations

You are small and have problems with some larger weapons.
You are completely attuned to the shadows.


Message History

The spark wasp is moderately wounded.
You block the spark wasp's attack.
You hit the spark wasp.
The spark wasp is heavily wounded.
The spark wasp completely misses you.
You closely miss the spark wasp.
The spark wasp is heavily wounded.
The spark wasp misses you.
You puncture the spark wasp!
The spark wasp is heavily wounded.
You block the spark wasp's attack.
Aiming: Paralyse
Press: ? - help, Shift-Dir - straight line, f - spark wasp
Aim: a spark wasp (heavily wounded, chance to affect: 31%)
The spark wasp easily resists.
The spark wasp stings you! The spark wasp shocks you!
Aiming: Paralyse
Press: ? - help, Shift-Dir - straight line, f/p - spark wasp
Aim: a spark wasp (heavily wounded, chance to affect: 31%)
The spark wasp easily resists.
The spark wasp stings you! The spark wasp shocks you!
The spark wasp completely misses you.
Aiming: Paralyse
Press: ? - help, Shift-Dir - straight line, f/p - spark wasp
Aim: a spark wasp (heavily wounded, chance to affect: 31%)
The spark wasp easily resists.
You block the spark wasp's attack.
Aiming: Paralyse
Press: ? - help, Shift-Dir - straight line, f/p - spark wasp
Aim: a spark wasp (heavily wounded, chance to affect: 31%)
The spark wasp easily resists.
The spark wasp stings you!! The spark wasp shocks you!
* * * LOW HITPOINT WARNING * * *
The spark wasp stings you!!
* * * LOW HITPOINT WARNING * * *
The spark wasp shocks you!
You die...

..^.. ..... ..sy. #.
..... $... <....
###.... .....
#####......
......^#.##
...y@......
.......#...
#####..^...
.........## ###
##.....
......#.###.####.....
^......)#.....<#...#.
.###..............##
.....#............#
..####............^.
## #.....†......##


You could see a spark wasp.

Vanquished Creatures
  Nikola (Swamp:1)
  A thorn hunter (Swamp:3)
  Kirke (Lair:4)
  An orc warlord (Orc:2)
  3 ghost moths
  2 broodmothers (Spider:2)
  A bunyip (Swamp:3)
  Azrael (D:13)
  2 eleionomae
  A spark wasp (Lair:4)
  2 entropy weavers
  An ettin (Orc:2)
  A fire dragon (Lair:6)
  Harold (D:9)
  10 hydras
  A boulder beetle (Spider:2)
  3 ghost crabs
  2 catoblepae (Lair:6)
  3 centaur warriors
  8 alligators
  2 two-headed ogres
  The ghost of DemonSlayer the Thaumaturge, a journeyman DsFE of Cheibriados (D:12)
  Urug (Orc:1)
  14 death yaks
  8 spriggans
  A pharaoh ant (Lair:4)
  2 goliath frogs
  2 steelbarb worms (Spider:1)
  2 spriggan druids
  2 orb spiders
  3 bog bodies
  3 swamp dragons
  A lindwurm (Lair:6)
  An orc knight (Orc:2)
  4 wolf spiders
  A cyclops (D:12)
  A deep elf pyromancer (D:13)
  An orc sorcerer (Orc:2)
  A moth of wrath (Spider:2)
  3 ugly things
  2 oklob plants (Lair:6)
  A will-o-the-wisp (Swamp:3)
  11 elephants
  7 black mambas
  10 cane toads
  3 molten gargoyles (Lair:6)
  Psyche (D:12)
  A torpor snail (Spider:1)
  A gargoyle (D:10)
  15 komodo dragons
  9 demonic crawlers
  A rime drake (Lair:6)
  Maggie (D:9)
  A freezing wraith (D:11)
  2 unseen horrors
  2 trolls
  9 meliai
  8 tyrant leeches
  3 polar bears
  Grinder (D:5)
  Prince Ribbit (D:9)
  5 tarantellas
  10 slime creatures
  5 dream sheep (Lair:6)
  5 hornets
  26 blink frogs
  A meliai zombie (D:11)
  11 jumping spiders
  3 vampires
  8 culicivoras
  2 shadows
  77 yaks
  8 wyverns
  8 basilisks
  2 fire elementals (D:13)
  23 redbacks
  2 wraiths
  6 vampire mosquitoes
  A warg (Orc:2)
  15 swamp worms
  2 acid dragons
  Duvessa (D:5)
  19 water moccasins
  8 hell hounds
  37 orc warriors
  A sky beast (D:6)
  A swamp drake (Swamp:1)
  3 ice beasts
  A necrophage (D:7)
  5 black bears
  12 wolves
  5 ogres
  20 centaurs
  A kobold brigand (D:7)
  12 bullfrogs
  2 scorpions
  Dowan (D:5)
  9 killer bees
  8 electric eels
  8 wights (D:8)
  4 lava snakes (Lair:6)
  5 centaur zombies
  3 hounds
  A gnoll shaman (D:7)
  A centaur skeleton (D:4)
  2 jellies
  21 orc priests
  An iguana (D:7)
  18 orc wizards
  A killer bee zombie (D:8)
  A hound skeleton (D:4)
  2 howler monkey zombies
  A mummy (D:6)
  4 gnolls (D:7)
  A howler monkey skeleton (D:5)
  12 adders
  14 white imps
  3 dart slugs (D:3)
  A worm (D:3)
  71 orcs
  8 bats
  10 endoplasms
  2 giant cockroaches
  6 goblins
  6 hobgoblins
  2 quokkas
  12 ball pythons
  4 frilled lizards
  16 kobolds
  A kobold zombie (D:6)
  An orc zombie (D:6)
  6 rats
  6 briar patches (Lair:2)
811 creatures vanquished.

Vanquished Creatures (collateral kills)
  A swamp dragon (Swamp:1)
  A will-o-the-wisp (Swamp:1)
2 creatures vanquished.

Vanquished Creatures (others)
  A hydra (Swamp:1)
  2 bloated husks
  3 humans (Lair:4)
  26 foxfires
  45 fungi
  66 plants
143 creatures vanquished.

Grand Total: 956 creatures vanquished

Notes
Turn   | Place    | Note
-------+----------+-------------------------------------------
     0 | D:1      | fictitious the Kobold Brigand began the quest for the Orb.
     0 | D:1      | Reached XP level 1. HP: 12/12 MP: 1/1
   272 | D:1      | Reached XP level 2. HP: 17/17 MP: 2/2
   498 | D:1      | Reached skill level 6 in Stealth
   498 | D:1      | Reached XP level 3. HP: 21/21 MP: 3/3
  1087 | D:2      | Found a faded altar of an unknown god.
  1730 | D:2      | Reached XP level 4. HP: 26/26 MP: 4/4
  2176 | D:3      | Reached XP level 5. HP: 25/30 MP: 5/5
  2181 | D:3      | Reached skill level 7 in Stealth
  2297 | D:3      | Noticed a water moccasin
  2299 | D:3      | Killed a water moccasin
  2300 | D:3      | Reached skill level 8 in Stealth
  2300 | D:3      | Reached XP level 6. HP: 35/35 MP: 6/6
  2398 | D:3      | Found an ornate altar of the Wu Jian Council.
  2429 | D:3      | Became a worshipper of the Wu Jian Council
  2454 | D:3      | Found a sacrificial altar of Ru.
  2835 | D:3      | Found a glowing golden altar of the Shining One.
  3028 | D:4      | Reached XP level 7. HP: 40/40 MP: 7/7
  3242 | D:4      | Reached skill level 9 in Stealth
  3471 | D:4      | Found a bloodstained altar of Trog.
  3608 | D:4      | You fall into a shaft and drop 3 floors!
  3609 | D:7      | Reached * piety under Wu Jian
  3610 | D:7      | Reached skill level 10 in Stealth
  3610 | D:7      | Reached XP level 8. HP: 46/46 MP: 8/8
  4059 | D:7      | Reached skill level 11 in Stealth
  4405 | D:5      | Entered Level 5 of the Dungeon
  5387 | D:5      | Reached skill level 5 in Fighting
  5680 | D:5      | Noticed Dowan
  5790 | D:5      | Noticed Grinder
  5791 | D:5      | Killed Grinder
  5792 | D:5      | Reached skill level 5 in Short Blades
  5792 | D:5      | Reached skill level 12 in Stealth
  5792 | D:5      | Reached XP level 9. HP: 54/54 MP: 9/9
  5936 | D:5      | Found a staircase to the Ecumenical Temple.
  5968 | Temple   | Entered the Ecumenical Temple
  6351 | D:5      | Reached skill level 1 in Armour
  6715 | D:6      | Reached ** piety under Wu Jian
  6937 | D:6      | Reached skill level 5 in Dodging
  7750 | D:7      | Reached skill level 13 in Stealth
  7871 | D:8      | Noticed a brown ugly thing
  7894 | D:9      | Reached XP level 10. HP: 60/60 MP: 10/10
  8055 | D:9      | Noticed Maggie
  8296 | D:9      | Found a sparkling altar of Nemelex Xobeh.
  8296 | D:9      | Found a radiant altar of Vehumet.
  8357 | D:9      | Noticed Harold
  8660 | D:9      | Found Ropnoito's Magic Scroll Shop.
  8665 | D:9      | Bought a scroll of teleportation for 33 gold pieces
  8665 | D:9      | Bought a scroll of fear for 38 gold pieces
  8665 | D:9      | Bought a scroll of teleportation for 33 gold pieces
  8665 | D:9      | Bought a scroll of fog for 22 gold pieces
  8665 | D:9      | Bought a scroll of identify for 22 gold pieces
  8665 | D:9      | Bought a scroll of identify for 22 gold pieces
  8665 | D:9      | Bought a scroll of identify for 22 gold pieces
  8665 | D:9      | Bought a scroll of identify for 22 gold pieces
  8665 | D:9      | Bought a scroll of identify for 22 gold pieces
  9206 | D:9      | Killed Harold
  9788 | D:9      | Noticed Prince Ribbit
  9791 | D:9      | Killed Prince Ribbit
  9999 | D:9      | Killed Maggie
 10071 | D:10     | Entered Level 10 of the Dungeon
 10205 | D:10     | Reached skill level 5 in Armour
 10262 | D:10     | Noticed a gargoyle
 10264 | D:10     | Killed a gargoyle
 10265 | D:10     | Reached XP level 11. HP: 67/67 MP: 11/11
 10541 | D:10     | Reached skill level 10 in Short Blades
 10820 | D:10     | Reached *** piety under Wu Jian
 10994 | D:10     | Noticed a cyan ugly thing
 11154 | D:10     | Identified the +3 ring mail of Existentialism {Dex+5}
 11304 | D:11     | Noticed a five-headed hydra
 11308 | D:11     | Killed a five-headed hydra
 11622 | D:11     | Found a staircase to the Lair.
 11866 | D:11     | Learned a level 3 spell: Mephitic Cloud
 11899 | Lair:1   | Entered Level 1 of the Lair of Beasts
 12152 | Lair:1   | Reached skill level 1 in Air Magic
 12152 | Lair:1   | Reached skill level 1 in Poison Magic
 12154 | Lair:1   | Reached skill level 1 in Conjurations
 12250 | Lair:1   | Reached XP level 12. HP: 73/73 MP: 11/13
 12378 | Lair:1   | Reached skill level 1 in Spellcasting
 12669 | Lair:1   | Reached **** piety under Wu Jian
 12914 | Lair:1   | Noticed a four-headed hydra
 13120 | Lair:1   | Killed a four-headed hydra
 14664 | Lair:2   | Found a transporter.
 14691 | Lair:2   | Found a transporter.
 15268 | Lair:2   | Noticed a five-headed hydra
 15277 | Lair:2   | Killed a five-headed hydra
 15754 | Lair:3   | Reached skill level 14 in Stealth
 16646 | Lair:3   | Reached XP level 13. HP: 78/78 MP: 17/17
 17321 | Lair:2   | Identified the +1 hat of Dogmatism {Contam Fly rN+ Int+3}
 18034 | Lair:4   | Found a hole to the Spider Nest.
 18055 | Lair:4   | Noticed a four-headed hydra
 18057 | Lair:4   | Killed a four-headed hydra
 18155 | Lair:3   | Reached skill level 5 in Air Magic
 18359 | Lair:4   | Noticed Kirke
 18438 | Lair:4   | Reached skill level 5 in Conjurations
 18579 | Lair:4   | Killed Kirke
 18580 | Lair:4   | Reached skill level 5 in Poison Magic
 19013 | Lair:4   | HP: 3/78 [bog body (15)]
 19956 | Lair:4   | Found a staircase to the Swamp.
 20524 | Lair:5   | Found a frozen archway.
 20898 | Lair:5   | Found a runed translucent door.
 20898 | Lair:5   | Noticed Xolotl's ghost (journeyman HOGl)
 21024 | Lair:5   | Reached ***** piety under Wu Jian
 21027 | Lair:5   | Reached XP level 14. HP: 74/84 MP: 15/20
 21626 | D:11     | Reached skill level 15 in Stealth
 21898 | D:11     | Found a staircase to the Orcish Mines.
 22539 | D:11     | Identified the +1 scale mail of Morality {Stlth+}
 23303 | D:5      | Noticed Duvessa
 23313 | D:5      | Killed Duvessa
 23314 | D:5      | Killed Dowan
 23585 | Orc:1    | Entered Level 1 of the Orcish Mines
 23908 | Orc:1    | Noticed Urug
 23910 | Orc:1    | Killed Urug
 24032 | Orc:2    | Entered Level 2 of the Orcish Mines
 24038 | Orc:2    | Found a staircase to the Elven Halls.
 24043 | Orc:2    | Found Fiquj's Armour Shop.
 24053 | Orc:2    | Bought a +0 pair of gloves of dexterity for 138 gold pieces
 24085 | Orc:1    | Learned a level 5 spell: Excruciating Wounds
 24092 | Orc:1    | Learned a level 6 spell: Simulacrum
 24229 | Orc:2    | Found Resai's Armour Shop.
 24788 | Orc:1    | Reached skill level 1 in Necromancy
 25067 | Orc:2    | Reached skill level 1 in Ice Magic
 25144 | Orc:2    | Found Fuwoxzac's Armour Boutique.
 25157 | Orc:2    | Bought a +0 helmet of see invisible for 126 gold pieces
 25376 | Orc:2    | Noticed an orc warlord
 25379 | Orc:2    | Found Ubotapo's Antique Weapon Shop.
 25379 | Orc:2    | Found Bussycis's Antique Armour Boutique.
 25766 | Orc:2    | Reached skill level 16 in Stealth
 25905 | Orc:2    | Killed an orc warlord
 25906 | Orc:2    | Reached skill level 5 in Spellcasting
 26355 | Orc:2    | Reached skill level 10 in Dodging
 26450 | Orc:2    | Found Fiquj's Armour Shop.
 26479 | Orc:2    | Found a staircase to the Elven Halls.
 26611 | Orc:2    | Found Bussycis's Antique Armour Boutique.
 26612 | Orc:2    | Found Ubotapo's Antique Weapon Shop.
 26663 | Orc:2    | Found Fuwoxzac's Armour Boutique.
 26829 | Orc:2    | Found Resai's Armour Shop.
 26959 | Orc:2    | Bought a pair of glowing gloves for 217 gold pieces
 27027 | Orc:2    | Bought a +2 ring mail of cold resistance for 231 gold
                  | pieces
 27208 | D:12     | Noticed Psyche
 27210 | D:12     | Killed Psyche
 27719 | D:12     | Found a runed translucent door.
 28010 | D:12     | Noticed DemonSlayer's ghost (journeyman DsFE)
 28013 | D:12     | Identified the +7 spear of a treasure trove {venom, rPois
                  | rCorr Dex+2}
 28014 | D:12     | Killed DemonSlayer's ghost
 28164 | Orc:2    | Bought a +4 ring mail of fire resistance for 372 gold
                  | pieces
 28670 | D:13     | Identified a scroll of acquirement
 28671 | D:13     | Acquired 1250 gold pieces
 28724 | D:13     | Noticed Azrael
 28878 | D:13     | Killed Azrael
 28879 | D:13     | Reached XP level 15. HP: 40/88 MP: 12/23
 29342 | D:13     | Learned a level 2 spell: Passwall
 30889 | Lair:4   | Reached skill level 15 in Short Blades
 31392 | Lair:6   | Entered Level 6 of the Lair of Beasts
 31529 | Lair:6   | Reached skill level 5 in Ice Magic
 31579 | Lair:6   | Reached skill level 5 in Necromancy
 31789 | Lair:6   | Reached skill level 17 in Stealth
 31901 | Lair:6   | Identified the +1 leather armour of the Eleven Artists {rN+
                  | MP+9 Str-4 Dex+3}
 33574 | Lair:6   | Reached XP level 16. HP: 57/93 MP: 14/25
 34218 | Lair:6   | Found a staircase to the Slime Pits.
 34621 | Lair:6   | Found a large runed translucent door.
 34837 | Lair:6   | Found a large runed translucent door.
 35381 | Swamp:1  | Entered Level 1 of the Swamp
 36155 | Swamp:1  | Noticed Nikola
 36165 | Swamp:1  | Identified Roxanne's Disquisition on Shape Shifting
 36165 | Swamp:1  | Noticed Roxanne
 36211 | Swamp:1  | Killed Nikola
 36883 | Swamp:1  | You are sucked into a shaft and drop 1 floor!
 37198 | Swamp:1  | Found a runed translucent gate.
 37199 | Swamp:1  | Found a runed translucent gate.
 37202 | Swamp:1  | Found a runed translucent gate.
 37214 | Swamp:1  | Noticed pkoi's ghost (journeyman DgCj)
 37412 | Swamp:2  | Noticed Louise
 37589 | Swamp:2  | Reached skill level 18 in Stealth
 38302 | Swamp:3  | Reached skill level 1 in Shields
 38379 | Swamp:3  | Noticed a thorn hunter
 38380 | Swamp:3  | Killed a thorn hunter
 39204 | Spider:1 | Entered Level 1 of the Spider Nest
 39212 | Spider:1 | You fall into a shaft and drop 1 floor!
 39218 | Spider:2 | Reached XP level 17. HP: 100/100 MP: 26/26
 41287 | Spider:1 | Reached skill level 10 in Necromancy
 41740 | Spider:2 | Identified the +2 robe of Juawno {Will+}
 43199 | Spider:2 | Found a runed translucent door.
 43199 | Spider:2 | Found a shimmering altar of Xom.
 43199 | Spider:2 | Identified the +11 bardiche "Jasoyts" {chaos, Drain rElec
                  | rN+}
 43199 | Spider:2 | Noticed turdburglar's ghost (journeyman GnWn)
 43307 | Spider:2 | Identified the +10 arbalest of Twilight {elec, rF+ Int+3}
 43707 | Spider:3 | Slain by a spark wasp

Illustrated notes

Levels and vault maps discovered:
D:1:      eino_arrival_cavern_a, layout_rooms, chequers_big_river,
          hangedman_decor_slide_cut, nrook_loot_triangle
D:2:      layout_loops_corners, hellmonk_ecumenical_altar_slurped_away,
          minmay_snake_closets
D:3:      layout_basic, nicolae_ru_great_annihilating_truth,
          mainiacjoe_overflow_catch_the_wave, dk_vineyard_2
D:4:      minmay_opposing_rooms, layout_basic, trog_three_pillars_becter,
          nicolae_underground_beach
D:5:      layout_basic, minmay_temple_entry_mist, serial_curves, eino_curves_03,
          eino_curves_02, uniq_duvessa, uniq_grinder
D:6:      layout_rooms, nicolae_ossuary_entry_giza
D:7:      layout_basic, minmay_misc_feat_columns, minmay_misc_feat_tower
D:8:      layout_basic, enter_bailey_5
D:9:      layout_cave_pods, gammafunk_temple_overflow_pools, serial_shops, shop,
          dk_noncrumbling_3, uniq_prince_ribbit1, uniq_harold, uniq_maggie
D:10:     minmay_the_grid_net [minmay_the_grid_pillar_ring,
          minmay_the_grid_small_cups, minmay_the_grid_outer_diamond,
          minmay_the_grid_rooms, minmay_the_grid_slots,
          minmay_the_grid_prize_four_corners], layout_small_grid
D:11:     layout_basic, minmay_lair_entry_grove, erik_orc_2
D:12:     layout_gridville, ebering_ghost_funeral_grove, uniq_psyche
D:13:     layout_gridville, grunt_vaults_entry_fortified, uniq_azrael
Temple:   eino_temple_scatter_basement
Lair:1:   layout_regular_city, beast_lair_carwin_3, grunt_megastairs_5
Lair:2:   gammafunk_worm_tunnel, layout_long_grid
Lair:3:   layout_cellular_growth
Lair:4:   statuecave_lemuel, layout_cave_pods,
          nicolae_swamp_entry_splash_gauntlet, dummy_spider_entry,
          serial_bayou_shore_a, uniq_kirke
Lair:5:   layout_concentric_octagons, hellmonk_ghost_happy_afterlife,
          portal_ice_cave_entry_imps
Lair:6:   cheibrodos_lair_end_hotspot, layout_regular_city,
          minmay_slime_entry_oklob_open
Swamp:1:  nicolae_swamp_ascending_descending, layout_basic_swamp,
          gammafunk_ghost_necromancy, nicolae_swamp_little_swirl, uniq_roxanne,
          uniq_nikola
Swamp:2:  layout_basic_swamp, serial_swamp_ruin, hangedman_swamp_ruin_wall,
          evilmike_swamp_ruin_house_5, evilmike_swamp_ruin_rubble_1, uniq_louise
Swamp:3:  layout_falls_marsh, evilmike_swamp_ruin_wall
Spider:1: layout_chambers
Spider:2: layout_spider_delve, ebering_ghost_xom
Spider:3: layout_chambers, gammafunk_ghost_berserking_beasts, uniq_agnes,
          uniq_donald
Orc:1:    layout_diamond_mine, uniq_urug
Orc:2:    grunt_orc_community_town_hall, layout_caves,
          grunt_orc_community_big_house_1, grunt_orc_community_big_house_2,
          grunt_orc_community_house_1, grunt_orc_community_house_2,
          grunt_orc_community_house_1, grunt_orc_community_house_2,
          serial_shops, shop_statue

Skill      XL: |  1  2  3  4  5  6  7  8  9 10 11 12 13 14 15 16 17 |
---------------+----------------------------------------------------+-----
Short Blades   | 3 4 5 7 9 11 12 13 14 15 16 17 | 17.0
Stealth        | 6 8 10 12 13 14 16 17 18 | 18.7
Throwing       | 3 4 |  4.0
Dodging        | 2 3 4 5 6 8 10 11 12 13 | 13.2
Fighting       | 3 5 6 7 8 9 |  9.8
Armour         | 2 5 6 7 8 |  8.0
Air Magic      | 1 4 6 |  6.0
Poison Magic   | 1 4 6 |  6.0
Conjurations   | 1 4 6 |  6.0
Spellcasting   | 2 4 5 6 |  6.0
Necromancy     | 3 7 9 10 | 10.5
Ice Magic      | 3 6 |  6.0
Shields        | 2 4 |  4.1

Action                   |  1- 3 |  4- 6 |  7- 9 | 10-12 | 13-15 | 16-18 || total
-------------------------+-------+-------+-------+-------+-------+-------++-------
Melee: Dagger            |    60 |    63 |   217 |   221 |    21 |       ||   582
       Punch             |     1 |     1 |     4 |    13 |    54 |     9 ||    82
       Rapier            |       |       |     7 |   487 |  2201 |  1170 ||  3865
 Fire: Hunting sling     |       |       |     2 |       |       |       ||     2
Throw: Dart              |    13 |    18 |     7 |     5 |     9 |     4 ||    56
       Throwing net      |       |       |     1 |       |       |       ||     1
       Boomerang         |       |       |       |       |     8 |       ||     8
 Cast: Mephitic Cloud    |       |       |       |       |    11 |     5 ||    16
Invok: Lunge             |       |    14 |    46 |    50 |   186 |    95 ||   391
       Whirlwind         |       |       |     6 |     6 |   227 |    35 ||   274
       Serpent's Lash    |       |       |       |     4 |    24 |    17 ||    45
       Heavenly Storm    |       |       |       |       |     1 |       ||     1
 Abil: Wall Jump         |       |       |       |       |     6 |     3 ||     9
Evoke: Wand              |       |       |     3 |    24 |    23 |     7 ||    57
  Use: Scroll            |       |       |    11 |    13 |    12 |    17 ||    53
       Potion            |       |       |     7 |    13 |     9 |     8 ||    37
 Stab: Sleeping          |    21 |    20 |    32 |    38 |   106 |    53 ||   270
       Distracted        |     1 |     1 |     2 |     4 |    20 |    17 ||    45
       Held in net/web   |       |       |     1 |       |       |       ||     1
       Confused          |       |       |       |       |     8 |     2 ||    10
       Paralysed         |       |       |       |       |     2 |     1 ||     3
       Fleeing           |       |       |       |       |     2 |       ||     2
Armor: Robe              |     7 |     9 |    16 |       |       |       ||    32
       Ring mail         |       |       |    13 |   126 |   283 |    61 ||   483
       Skin              |       |       |       |    10 |    18 |       ||    28
       Acid dragon scale |       |       |       |    49 |       |       ||    49
       Swamp dragon scal |       |       |       |       |       |   122 ||   122
Dodge: Dodged            |    30 |    30 |   108 |   328 |  1056 |   932 ||  2484
Block: Buckler           |       |       |       |       |       |   213 ||   213
